Monsters vs Wolves

Created - Thursday, January 01, 2015 at 03:34

Goals
1 2 3 T
Monsters 0 1 0 1
Wolves 5 1 4 10
Shots
1 2 3 T
Monsters 4 9 6 19
Wolves 8 2 11 21

1st period

1. Wolves , Jared Boll 12 (Yann Sauve) at 1:32 (PP)
2. Wolves , Yannick Weber 20 (Cedric Paquette) at 5:38
3. Wolves , Yannick Weber 21 (Kent Huskins, Joel Broda) at 10:02
4. Wolves , Yann Sauve 2 (Joel Broda) at 12:56 (SH)
5. Wolves , Cedric Paquette 5 (Yann Sauve) at 18:35

Penalties :
Farm Player35 (LAM) for High sticking (Minor) at 0:39, Farm Player35 (LAM) for Cross-checking (Minor) at 3:26, Dane Byers (CHI) for Fighting (Major) at 12:00, Max Friberg (LAM) for Fighting (Major) at 12:00, Dane Byers (CHI) for instigated a fight (Minor) at 12:00, Dane Byers (CHI) for instigated a fight (10 Minutes Misconduct) at 12:00, Jared Boll (CHI) for Fighting (Major) at 14:08, Andrej Nestrasil (LAM) for Fighting (Major) at 14:08, Aaron Volpatti (CHI) for Fighting (Major) at 14:25, Matthew Corrente (LAM) for Fighting (Major) at 14:25

2nd period

6. Monsters , Ben Street 15 (Max Friberg) at 5:56
7. Wolves , Joel Broda 1 (Yannick Weber, Kent Huskins) at 11:15

Penalties :
Dane Byers (CHI) for Hooking (Minor) at 11:57

3rd period

8. Wolves , Yannick Weber 22 (Chris Terry) at 5:48
9. Wolves , Chris Terry 12 (Jared Boll, Yannick Weber) at 11:55
10. Wolves , Dane Byers 3 (Jordan Schroeder) at 13:11
11. Wolves , Aaron Volpatti 7 (Yannick Weber, Cedric Paquette) at 18:34

Penalties :
Christian Hanson (CHI) for Fighting (Major) at 15:15, Matthew Corrente (LAM) for Fighting (Major) at 15:15, Christian Hanson (CHI) for instigated a fight (Minor) at 15:15, Christian Hanson (CHI) for instigated a fight (10 Minutes Misconduct) at 15:15

Goalie Stats

Farm Player80 (LAM), 1 saves from 5 shots - (0.200), L, 1-29-1, 12:56 minutes
Farm Player100 (LAM), 10 saves from 16 shots - (0.625), 47:04 minutes
Peter Mannino (CHI), 18 saves from 19 shots - (0.947), W, 21-5-2, 60:00 minutes

Players Stats for Monsters

Player Name              G  A  P  +/- PIM S  H  SB GA TA FO     MP     PP MP  PK MP  
------------------------------------------------------------------------------------
Andrej Nestrasil         0  0  0  -1  5   1  3  0  4  1  1/9    15:55   2:52   1:52 
Andrew Joudrey           0  0  0  -7  0   0  0  4  5  1  5/11   17:41   0:57   0:00 
Ben Street               1  0  1  -1  0   7  1  0  2  2  6/18   21:03   3:05   1:00 
Benn Ferriero            0  0  0  -1  0   1  1  2  0  4  0/2    22:58   2:52   1:52 
Brett Hextall            0  0  0  -1  0   1  0  0  1  1  0/1    20:03   3:05   0:00 
Farm Player13            0  0  0  -1  0   0  0  1  0  2  0/0    19:27   2:42   1:21 
Farm Player18            0  0  0  -1  0   0  0  0  0  0  0/0    19:27   2:42   1:21 
Farm Player27            0  0  0  -5  0   0  2  0  0  0  0/0    15:13   0:00   0:34 
Farm Player32            0  0  0  -2  0   0  1  0  0  0  0/0     6:22   0:00   0:00 
Farm Player33            0  0  0  -4  0   0  2  0  0  0  0/0    18:24   1:31   0:00 
Farm Player35            0  0  0  -1  4   0  1  0  0  0  0/0    19:09   3:15   0:00 
Farm Player39            0  0  0  -5  0   0  0  2  0  1  0/0    17:18   0:00   0:57 
Justin Mercier           0  0  0  -1  0   1  1  0  1  0  0/0     6:56   0:00   0:00 
Matthew Corrente         0  0  0  -2  10  2  1  0  0  1  0/0    19:19   1:44   1:31 
Max Friberg              0  1  1   0  5   2  2  0  2  2  0/0    19:14   2:08   1:00 
Paul Bissonnette         0  0  0  -1  0   1  3  1  3  2  0/0    15:26   2:52   0:00 
Raphael Bussieres        0  0  0  -5  0   2  2  2  2  5  0/0    15:47   0:00   0:00 
Tanner Richard           0  0  0  -1  0   1  2  0  0  0  3/4     7:20   0:00   0:00 

Players Stats for Wolves

Player Name              G  A  P  +/- PIM S  H  SB GA TA FO     MP     PP MP  PK MP  
------------------------------------------------------------------------------------
Aaron Volpatti           1  0  1   1  5   2  2  0  6  0  1/1    19:56   1:45   0:15 
Ben Hanowski             0  0  0   0  0   0  0  0  0  0  0/0     0:00   0:00   0:00 
Cedric Paquette          1  2  3   2  0   2  2  0  4  0  7/12   19:47   1:45   0:00 
Chris Terry              1  1  2   2  0   3  1  2  6  0  6/7    24:19   1:07   4:34 
Christian Hanson         0  0  0   1  17  0  2  0  1  0  0/0    18:04   1:45   0:00 
Corbin McPherson         0  0  0   2  0   1  0  1  1  3  0/0    27:20   1:40   2:48 
Dane Byers               1  0  1   5  19  4  1  0  6  0  1/1    13:31   0:00   1:10 
Daniel Carcillo          0  0  0   0  0   0  0  0  1  0  0/0     1:17   0:00   0:00 
Farm Player1             0  0  0   3  0   0  0  0  0  0  0/0    11:16   0:00   2:46 
Jared Boll               1  1  2   1  5   1  4  0  2  0  0/0    12:59   1:07   0:15 
Joel Broda               1  2  3   4  0   2  2  0  1  0  9/12   15:07   0:00   0:30 
Jordan Schroeder         0  1  1   4  0   0  0  0  2  0  4/8    23:07   1:07   2:24 
Kent Huskins             0  2  2   4  0   0  0  0  0  4  0/0    29:39   1:12   3:09 
Landon Ferraro           0  0  0   2  0   0  1  0  4  0  2/4    16:29   0:00   0:00 
Michael Caruso           0  0  0   1  0   0  0  1  0  1  0/0    17:21   0:00   3:09 
Scott Glennie            0  0  0   0  0   0  0  0  0  0  0/0     0:00   0:00   0:00 
Yann Sauve               1  2  3   2  0   2  2  0  1  0  0/0    25:41   1:40   2:48 
Yannick Weber            3  3  6   5  0   4  0  2  3  1  0/0    18:05   1:12   0:00 

3 Stars

1 - Yannick Weber (CHI)
2 - Joel Broda (CHI)
3 - Yann Sauve (CHI)

Power Play

Monsters - 0 on 3 Attempt(s) - 0.00%
Wolves - 1 on 2 Attempt(s) - 50.00%

Penalty Kill

Monsters - 1 on 2 Attempt(s) - 50.00% - Score 0 goal in Penalty Kill
Wolves - 3 on 3 Attempt(s) - 100.00% - Score 1 goal in Penalty Kill

Team Stat

Monsters - Hits : 22 - Faceoff Wins : 15 - Blocked Shots : 12 - Penalty Minutes : 24
Wolves - Hits : 17 - Faceoff Wins : 30 - Blocked Shots : 6 - Penalty Minutes : 46

Official

Referees : Unknown
Linesman : Unknown

Game Notes

Dane Byers and Max Friberg fight to a draw at 12:00 of 1st period
Farm Player100 enters game at 12:56 of 1st period
Jared Boll beats up Andrej Nestrasil at 14:08 of 1st period
Aaron Volpatti and Matthew Corrente fight to a draw at 14:25 of 1st period
Yannick Weber has scored a Hat Trick!
Christian Hanson and Matthew Corrente fight to a draw at 15:15 of 3rd period

Finance

Level 1 -- Attendance: 1375 (68.75%) -- Ticket Income $48,125
Level 2 -- Attendance: 739 (73.90%) -- Ticket Income $11,085
Total Attendance: 2114 (70.47%)
Total Ticket Income: $59,210
Other Income: $29,013
Total Income: $88,223

Monsters

5 vs 5 Forward 
   Center                   Left Wing                Right Wing               Time % Phy DF OF 
 1 Andrej Nestrasil         Benn Ferriero            Paul Bissonnette         35     1   2  2  
 2 Ben Street               Max Friberg              Brett Hextall            30     1   2  2  
 3 Andrew Joudrey           Raphael Bussieres        Farm Player27            22     1   2  2  
 4 Tanner Richard           Justin Mercier           Benn Ferriero            13     1   2  2  

5 vs 5 Defense 
   Defense                  Defense                                           Time % Phy DF OF 
 1 Matthew Corrente         Farm Player35                                     35     1   2  2  
 2 Farm Player13            Farm Player18                                     30     1   2  2  
 3 Farm Player33            Farm Player39                                     22     1   2  2  
 4 Farm Player32            Matthew Corrente                                  13     1   2  2  

PowerPlay Forward 
   Center                   Left Wing                Right Wing               Time % Phy DF OF 
 1 Andrej Nestrasil         Benn Ferriero            Paul Bissonnette         60     1   2  2  
 2 Ben Street               Max Friberg              Brett Hextall            40     1   2  2  

PowerPlay Defense
   Defense                  Defense                                           Time % Phy DF OF 
 1 Matthew Corrente         Farm Player35                                     60     1   2  2  
 2 Farm Player13            Farm Player18                                     40     1   2  2  

Penalty Kill 4 Players Forward 
   Center                   Wing                     Time % Phy DF OF 
 1 Benn Ferriero            Andrej Nestrasil         60     1   2  2  
 2 Ben Street               Max Friberg              40     1   2  2  

Penalty Kill 4 Players Defense
   Defense                  Defense                  Time % Phy DF OF 
 1 Matthew Corrente         Farm Player35            60     1   2  2  
 2 Farm Player13            Farm Player18            40     1   2  2  

Penalty Kill - 3 Players Forward 
   Forward                                           Time % Phy DF OF 
 1 Benn Ferriero                                     60     1   2  2  
 2 Andrej Nestrasil                                  40     1   2  2  

Penalty Kill - 3 Players Defense
   Defense                  Defense                  Time % Phy DF OF 
 1 Matthew Corrente         Farm Player35            60     1   2  2  
 2 Farm Player13            Farm Player18            40     1   2  2  

4 vs 4 Forward 
   Center                   Wing                     Time % Phy DF OF 
 1 Benn Ferriero            Andrej Nestrasil         60     1   2  2  
 2 Ben Street               Max Friberg              40     1   2  2  

4 vs 4 Defense
   Defense                  Defense                  Time % Phy DF OF 
 1 Matthew Corrente         Farm Player35            60     1   2  2  
 2 Farm Player13            Farm Player18            40     1   2  2  

Last Minutes Offensive
   Center                   Left Wing                Right Wing               Defense                  Defense                  
   Andrej Nestrasil         Benn Ferriero            Paul Bissonnette         Matthew Corrente         Farm Player35            

Last Minutes Defensive
   Center                   Left Wing                Right Wing               Defense                  Defense                  
   Andrej Nestrasil         Benn Ferriero            Paul Bissonnette         Matthew Corrente         Farm Player35            

Goaltenders
Starting : Farm Player80            
Backup : Farm Player100           

Extra Forwards
Normal : Andrew Joudrey, Raphael Bussieres, Tanner Richard - PP : Andrew Joudrey, Raphael Bussieres - PK : Tanner Richard
Extra Defensemen
Normal : Farm Player33, Farm Player39, Farm Player27 - PP : Farm Player33 - PK : Farm Player39, Farm Player27
Penalty Shots
Benn Ferriero, Andrej Nestrasil, Ben Street, Max Friberg, Paul Bissonnette

Wolves

5 vs 5 Forward 
   Center                   Left Wing                Right Wing               Time % Phy DF OF 
 1 Jordan Schroeder         Chris Terry              Jared Boll               35     1   2  2  
 2 Cedric Paquette          Aaron Volpatti           Christian Hanson         30     1   2  2  
 3 Landon Ferraro           Aaron Volpatti           Chris Terry              22     1   2  2  
 4 Joel Broda               Dane Byers               Jordan Schroeder         13     1   2  2  

5 vs 5 Defense 
   Defense                  Defense                                           Time % Phy DF OF 
 1 Yannick Weber            Kent Huskins                                      35     1   2  2  
 2 Corbin McPherson         Yann Sauve                                        30     1   2  2  
 3 Michael Caruso           Kent Huskins                                      22     1   2  2  
 4 Corbin McPherson         Kent Huskins                                      13     1   2  2  

PowerPlay Forward 
   Center                   Left Wing                Right Wing               Time % Phy DF OF 
 1 Jordan Schroeder         Chris Terry              Jared Boll               60     1   2  2  
 2 Cedric Paquette          Aaron Volpatti           Christian Hanson         40     1   2  2  

PowerPlay Defense
   Defense                  Defense                                           Time % Phy DF OF 
 1 Yannick Weber            Kent Huskins                                      60     1   2  2  
 2 Corbin McPherson         Yann Sauve                                        40     1   2  2  

Penalty Kill 4 Players Forward 
   Center                   Wing                     Time % Phy DF OF 
 1 Chris Terry              Jordan Schroeder         60     1   2  2  
 2 Jared Boll               Aaron Volpatti           40     1   2  2  

Penalty Kill 4 Players Defense
   Defense                  Defense                  Time % Phy DF OF 
 1 Michael Caruso           Kent Huskins             60     1   2  2  
 2 Corbin McPherson         Yann Sauve               40     1   2  2  

Penalty Kill - 3 Players Forward 
   Forward                                           Time % Phy DF OF 
 1 Chris Terry                                       60     1   2  2  
 2 Jordan Schroeder                                  40     1   2  2  

Penalty Kill - 3 Players Defense
   Defense                  Defense                  Time % Phy DF OF 
 1 Michael Caruso           Kent Huskins             60     1   2  2  
 2 Corbin McPherson         Yann Sauve               40     1   2  2  

4 vs 4 Forward 
   Center                   Wing                     Time % Phy DF OF 
 1 Chris Terry              Jordan Schroeder         60     1   2  2  
 2 Jared Boll               Aaron Volpatti           40     1   2  2  

4 vs 4 Defense
   Defense                  Defense                  Time % Phy DF OF 
 1 Yannick Weber            Kent Huskins             60     1   2  2  
 2 Corbin McPherson         Yann Sauve               40     1   2  2  

Last Minutes Offensive
   Center                   Left Wing                Right Wing               Defense                  Defense                  
   Jordan Schroeder         Chris Terry              Jared Boll               Yannick Weber            Kent Huskins             

Last Minutes Defensive
   Center                   Left Wing                Right Wing               Defense                  Defense                  
   Jordan Schroeder         Chris Terry              Jared Boll               Yannick Weber            Kent Huskins             

Goaltenders
Starting : Peter Mannino            
Backup : Scott Wedgewood          

Extra Forwards
Normal : Aaron Volpatti, Landon Ferraro, Dane Byers - PP : Aaron Volpatti, Landon Ferraro - PK : Dane Byers
Extra Defensemen
Normal : Michael Caruso, Kent Huskins, Corbin McPherson - PP : Michael Caruso - PK : Kent Huskins, Corbin McPherson
Penalty Shots
Chris Terry, Jordan Schroeder, Jared Boll, Landon Ferraro, Aaron Volpatti

% Time on Ice - Monsters

Lines # - Real PCT - Wanted PCT - Time Play
Normal Forward
1 - 25% - 35% - 12:38
2 - 33% - 30% - 16:58
3 - 29% - 22% - 14:39
4 - 14% - 13% - 6:56
Normal Defense
1 - 31% - 35% - 15:52
2 - 30% - 30% - 15:24
3 - 26% - 22% - 13:33
4 - 12% - 13% - 6:22
PP Forward
1 - 48% - 60% - 2:52
2 - 52% - 40% - 3:05
PP Defense
1 - 55% - 60% - 3:15
2 - 45% - 40% - 2:42
PK Forward
1 - 65% - 60% - 1:52
2 - 35% - 40% - 1:00
PK Defense
1 - 53% - 60% - 1:31
2 - 47% - 40% - 1:21
PK3 Forward
1 - 0% - 60%
2 - 0% - 40%
PK3 Defense
1 - 0% - 60%
2 - 0% - 40%
44 Forward
1 - 0% - 60%
2 - 0% - 40%
44 Defense
1 - 0% - 60%
2 - 0% - 40%
Last Minute Offensive  - 0:00
Last Minute Defensive  - 0:00
Total
Forward - 60:00
Defense - 60:00

% Time on Ice - Wolves

Lines # - Real PCT - Wanted PCT - Time Play
Normal Forward
1 - 25% - 35% - 12:55
2 - 36% - 30% - 18:11
3 - 12% - 22% - 6:15
4 - 27% - 13% - 13:50
Normal Defense
1 - 34% - 35% - 17:26
2 - 41% - 30% - 21:13
3 - 20% - 22% - 10:29
4 - 4% - 13% - 2:03
PP Forward
1 - 39% - 60% - 1:07
2 - 61% - 40% - 1:45
PP Defense
1 - 42% - 60% - 1:12
2 - 58% - 40% - 1:40
PK Forward
1 - 96% - 60% - 5:42
2 - 4% - 40% - 0:15
PK Defense
1 - 53% - 60% - 3:09
2 - 47% - 40% - 2:48
PK3 Forward
1 - 0% - 60%
2 - 0% - 40%
PK3 Defense
1 - 0% - 60%
2 - 0% - 40%
44 Forward
1 - 0% - 60%
2 - 0% - 40%
44 Defense
1 - 0% - 60%
2 - 0% - 40%
Last Minute Offensive  - 0:00
Last Minute Defensive  - 0:00
Total
Forward - 60:00
Defense - 60:00

Play by Play

1st period


0:01 of 1st period - Jordan Schroeder wins face-off versus Andrej Nestrasil in neutral zone.
0:39 of 1st period - Minor Penalty to Farm Player35 for High sticking.
0:40 of 1st period - Cedric Paquette wins face-off versus Benn Ferriero in Monsters zone.
0:44 of 1st period - Wrist shot by Aaron Volpatti.
0:44 of 1st period - Stopped by Farm Player80 with a rebound.
1:17 of 1st period - Benn Ferriero is hit by Christian Hanson and loses puck.
1:32 of 1st period - Snap shot by Jared Boll.
1:32 of 1st period - Goal by Jared Boll - Monsters : 0 - Wolves : 1.
1:33 of 1st period - Joel Broda wins face-off versus Ben Street in neutral zone.
1:36 of 1st period - Ben Street is hit by Joel Broda and loses puck.
1:54 of 1st period - Snap shot by Max Friberg.
1:54 of 1st period - Deflect By Brett Hextall.
1:54 of 1st period - Shot Misses the Net.
1:54 of 1st period - Puck is out of play.
1:55 of 1st period - Aaron Volpatti wins face-off versus Andrew Joudrey in Wolves zone.
2:55 of 1st period - Wrist shot by Tanner Richard.
2:55 of 1st period - Shot Blocked by Michael Caruso.
2:59 of 1st period - Slapshot by Justin Mercier.
2:59 of 1st period - Shot Misses the Net.
3:09 of 1st period - Wrist shot by Justin Mercier.
3:09 of 1st period - Stopped by Peter Mannino without a rebound.
3:10 of 1st period - Ben Street wins face-off versus Joel Broda in Wolves zone.
3:11 of 1st period - Snap shot by Max Friberg.
3:11 of 1st period - Stopped by Peter Mannino without a rebound.
3:12 of 1st period - Joel Broda wins face-off versus Ben Street in Wolves zone.
3:26 of 1st period - Minor Penalty to Farm Player35 for Cross-checking.
3:27 of 1st period - Jordan Schroeder wins face-off versus Benn Ferriero in Monsters zone.
4:51 of 1st period - Matthew Corrente is hit by Jared Boll and loses puck.
5:26 of 1st period - Penalty to Farm Player35 is over, Farm Player35 is back on ice.
5:26 of 1st period - Farm Player18 is hit by Aaron Volpatti.
5:38 of 1st period - Slapshot by Yannick Weber.
5:38 of 1st period - Goal by Yannick Weber - Monsters : 0 - Wolves : 2.
5:39 of 1st period - Landon Ferraro wins face-off versus Ben Street in neutral zone.
6:32 of 1st period - Yannick Weber is hit by Farm Player27 and loses puck.
6:56 of 1st period - Slapshot by Farm Player39.
6:56 of 1st period - Shot Blocked by Yannick Weber.
7:12 of 1st period - Wrist shot by Tanner Richard.
7:12 of 1st period - Stopped by Peter Mannino without a rebound.
7:13 of 1st period - Tanner Richard wins face-off versus Cedric Paquette in Wolves zone.
7:54 of 1st period - Wrist shot by Ben Street.
7:54 of 1st period - Deflect By Max Friberg.
7:54 of 1st period - Shot Blocked by Corbin McPherson.
7:54 of 1st period - Puck is out of play.
7:55 of 1st period - Chris Terry wins face-off versus Brett Hextall in Wolves zone.
9:21 of 1st period - Paul Bissonnette is hit by Aaron Volpatti and loses puck.
9:56 of 1st period - Snap shot by Dane Byers.
9:56 of 1st period - Shot Misses the Net.
9:58 of 1st period - Slapshot by Joel Broda.
9:58 of 1st period - Shot Misses the Net.
10:00 of 1st period - Snap shot by Kent Huskins.
10:00 of 1st period - Shot Blocked by Farm Player39.
10:02 of 1st period - Slapshot by Yannick Weber.
10:02 of 1st period - Goal by Yannick Weber - Monsters : 0 - Wolves : 3.
10:03 of 1st period - Cedric Paquette wins face-off versus Andrew Joudrey in neutral zone.
10:50 of 1st period - Andrej Nestrasil is hit by Jared Boll and loses puck.
10:57 of 1st period - Chris Terry is hit by Paul Bissonnette and loses puck.
11:30 of 1st period - Ben Street is hit by Yann Sauve and loses puck.
11:41 of 1st period - Yannick Weber is hit by Max Friberg and loses puck.
12:00 of 1st period - Dane Byers and Max Friberg fight to a draw.
12:00 of 1st period - Penalty to Dane Byers for Fighting.
12:00 of 1st period - Penalty to Max Friberg for Fighting.
12:00 of 1st period - Penalty to Dane Byers for instigated a fight.
12:00 of 1st period - Penalty to Dane Byers for instigated a fight.
12:01 of 1st period - Chris Terry wins face-off versus Andrej Nestrasil in Monsters zone.
12:09 of 1st period - Off-side.
12:10 of 1st period - Chris Terry wins face-off versus Andrej Nestrasil in neutral zone.
12:51 of 1st period - Brett Hextall is hit by Joel Broda and loses puck.
12:56 of 1st period - Slapshot by Yann Sauve.
12:56 of 1st period - Goal by Yann Sauve - Monsters : 0 - Wolves : 4.
12:56 of 1st period - Farm Player100 enters game.
12:57 of 1st period - Chris Terry wins face-off versus Ben Street in neutral zone.
13:48 of 1st period - Benn Ferriero is hit by Chris Terry and loses puck.
13:53 of 1st period - Slapshot by Kent Huskins.
13:53 of 1st period - Shot Blocked by Benn Ferriero.
14:00 of 1st period - Penalty to Dane Byers is over, Farm Player1 is send on ice.
14:05 of 1st period - Michael Caruso is hit by Andrej Nestrasil.
14:08 of 1st period - Jared Boll beats up Andrej Nestrasil.
14:08 of 1st period - Penalty to Jared Boll for Fighting.
14:08 of 1st period - Penalty to Andrej Nestrasil for Fighting.
14:09 of 1st period - Andrew Joudrey wins face-off versus Cedric Paquette in Monsters zone.
14:25 of 1st period - Aaron Volpatti and Matthew Corrente fight to a draw.
14:25 of 1st period - Penalty to Aaron Volpatti for Fighting.
14:25 of 1st period - Penalty to Matthew Corrente for Fighting.
14:26 of 1st period - Andrew Joudrey wins face-off versus Cedric Paquette in neutral zone.
14:45 of 1st period - Snap shot by Cedric Paquette.
14:45 of 1st period - Stopped by Farm Player100 with a rebound.
15:18 of 1st period - Off-side.
15:19 of 1st period - Jordan Schroeder wins face-off versus Ben Street in neutral zone.
15:21 of 1st period - Off-side.
15:22 of 1st period - Ben Street wins face-off versus Jordan Schroeder in neutral zone.
15:49 of 1st period - Slapshot by Chris Terry.
15:49 of 1st period - Stopped by Farm Player100 with a rebound.
15:57 of 1st period - Kent Huskins is hit by Farm Player33 and loses puck.
16:19 of 1st period - Christian Hanson is hit by Farm Player32 and loses puck.
18:00 of 1st period - Off-side.
18:01 of 1st period - Joel Broda wins face-off versus Andrew Joudrey in neutral zone.
18:15 of 1st period - Backhand shot by Andrew Joudrey.
18:15 of 1st period - Shot Misses the Net.
18:35 of 1st period - Wrist shot by Cedric Paquette.
18:35 of 1st period - Goal by Cedric Paquette - Monsters : 0 - Wolves : 5.
18:36 of 1st period - Ben Street wins face-off versus Cedric Paquette in neutral zone.
18:47 of 1st period - Snap shot by Ben Street.
18:47 of 1st period - Stopped by Peter Mannino without a rebound.
18:48 of 1st period - Cedric Paquette wins face-off versus Ben Street in Wolves zone.
19:33 of 1st period - Wrist shot by Jared Boll.
19:33 of 1st period - Shot Blocked by Andrew Joudrey.
19:35 of 1st period - Wrist shot by Jared Boll.
19:35 of 1st period - Shot Blocked by Farm Player13.
19:37 of 1st period - Backhand shot by Yannick Weber.
19:37 of 1st period - Shot Misses the Net.
Goals for this period are 0 for Monsters vs 5 for Wolves.
Shots for this period are 4 for Monsters vs 8 for Wolves.

2nd period


0:01 of 2nd period - Andrej Nestrasil wins face-off versus Jordan Schroeder in neutral zone.
1:14 of 2nd period - Cedric Paquette is hit by Farm Player33 and loses puck.
1:42 of 2nd period - Slapshot by Jordan Schroeder.
1:42 of 2nd period - Shot Blocked by Andrew Joudrey.
2:05 of 2nd period - Yann Sauve is hit by Raphael Bussieres and loses puck.
2:26 of 2nd period - Wrist shot by Yannick Weber.
2:26 of 2nd period - Shot Misses the Net.
2:28 of 2nd period - Snap shot by Aaron Volpatti.
2:28 of 2nd period - Shot Misses the Net.
3:00 of 2nd period - Michael Caruso is hit by Matthew Corrente and loses puck.
3:07 of 2nd period - Slapshot by Andrej Nestrasil.
3:07 of 2nd period - Shot Hit the Post.
3:19 of 2nd period - Wrist shot by Ben Street.
3:19 of 2nd period - Stopped by Peter Mannino with a rebound.
3:21 of 2nd period - Snap shot by Max Friberg.
3:21 of 2nd period - Deflect By Ben Street.
3:21 of 2nd period - Stopped by Peter Mannino with a rebound.
3:23 of 2nd period - Snap shot by Ben Street.
3:23 of 2nd period - Shot Misses the Net.
3:49 of 2nd period - Snap shot by Raphael Bussieres.
3:49 of 2nd period - Stopped by Peter Mannino with a rebound.
4:24 of 2nd period - Off-side.
4:25 of 2nd period - Ben Street wins face-off versus Cedric Paquette in neutral zone.
5:36 of 2nd period - Slapshot by Yannick Weber.
5:36 of 2nd period - Deflect By Landon Ferraro.
5:36 of 2nd period - Shot Misses the Net.
5:36 of 2nd period - Puck is out of play.
5:37 of 2nd period - Joel Broda wins face-off versus Ben Street in Monsters zone.
5:52 of 2nd period - Snap shot by Ben Street.
5:52 of 2nd period - Shot Blocked by Yannick Weber.
5:54 of 2nd period - Wrist shot by Ben Street.
5:54 of 2nd period - Shot Misses the Net.
5:56 of 2nd period - Snap shot by Ben Street.
5:56 of 2nd period - Goal by Ben Street - Monsters : 1 - Wolves : 5.
5:57 of 2nd period - Joel Broda wins face-off versus Andrew Joudrey in neutral zone.
6:46 of 2nd period - Max Friberg is hit by Cedric Paquette and loses puck.
7:00 of 2nd period - 10 Minutes Misconduct Penalty to Dane Byers is over.
7:27 of 2nd period - Wrist shot by Andrej Nestrasil.
7:27 of 2nd period - Stopped by Peter Mannino with a rebound.
7:29 of 2nd period - Wrist shot by Benn Ferriero.
7:29 of 2nd period - Stopped by Peter Mannino with a rebound.
7:31 of 2nd period - Snap shot by Andrej Nestrasil.
7:31 of 2nd period - Shot Misses the Net.
7:33 of 2nd period - Wrist shot by Paul Bissonnette.
7:33 of 2nd period - Deflect By Andrej Nestrasil.
7:33 of 2nd period - Shot Misses the Net.
7:33 of 2nd period - Puck is out of play.
7:34 of 2nd period - Tanner Richard wins face-off versus Joel Broda in Wolves zone.
7:45 of 2nd period - Wrist shot by Justin Mercier.
7:45 of 2nd period - Shot Misses the Net.
7:47 of 2nd period - Slapshot by Matthew Corrente.
7:47 of 2nd period - Stopped by Peter Mannino without a rebound.
7:48 of 2nd period - Joel Broda wins face-off versus Tanner Richard in Wolves zone.
7:48 of 2nd period - Joel Broda is hit by Tanner Richard.
8:35 of 2nd period - Cedric Paquette is hit by Farm Player27 and loses puck.
8:40 of 2nd period - Snap shot by Andrew Joudrey.
8:40 of 2nd period - Shot Misses the Net.
8:42 of 2nd period - Snap shot by Farm Player27.
8:42 of 2nd period - Deflect By Raphael Bussieres.
8:42 of 2nd period - Stopped by Peter Mannino with a rebound.
9:02 of 2nd period - Wrist shot by Jared Boll.
9:02 of 2nd period - Shot Misses the Net.
10:11 of 2nd period - Icing by Chris Terry.
10:12 of 2nd period - Andrew Joudrey wins face-off versus Landon Ferraro in Wolves zone.
10:15 of 2nd period - Snap shot by Raphael Bussieres.
10:15 of 2nd period - Shot Blocked by Chris Terry.
11:09 of 2nd period - Slapshot by Yannick Weber.
11:09 of 2nd period - Shot Misses the Net.
11:13 of 2nd period - Snap shot by Joel Broda.
11:13 of 2nd period - Stopped by Farm Player100 with a rebound.
11:15 of 2nd period - Snap shot by Joel Broda.
11:15 of 2nd period - Goal by Joel Broda - Monsters : 1 - Wolves : 6.
11:16 of 2nd period - Chris Terry wins face-off versus Andrej Nestrasil in neutral zone.
11:29 of 2nd period - Kent Huskins is hit by Andrej Nestrasil and loses puck.
11:57 of 2nd period - Minor Penalty to Dane Byers for Hooking.
11:58 of 2nd period - Jordan Schroeder wins face-off versus Ben Street in Wolves zone.
12:23 of 2nd period - Snap shot by Ben Street.
12:23 of 2nd period - Stopped by Peter Mannino with a rebound.
12:45 of 2nd period - Snap shot by Andrej Nestrasil.
12:45 of 2nd period - Deflect By Benn Ferriero.
12:45 of 2nd period - Shot Misses the Net.
12:45 of 2nd period - Puck is out of play.
12:46 of 2nd period - Chris Terry wins face-off versus Andrej Nestrasil in Wolves zone.
12:46 of 2nd period - Chris Terry is hit by Farm Player35.
13:39 of 2nd period - Farm Player18 is hit by Yann Sauve and loses puck.
13:57 of 2nd period - Penalty to Dane Byers is over, Dane Byers is back on ice.
14:03 of 2nd period - Snap shot by Ben Street.
14:03 of 2nd period - Shot Misses the Net.
15:23 of 2nd period - Cedric Paquette is hit by Tanner Richard and loses puck.
16:30 of 2nd period - Andrej Nestrasil is hit by Dane Byers and loses puck.
16:56 of 2nd period - Raphael Bussieres is hit by Landon Ferraro and loses puck.
17:01 of 2nd period - Slapshot by Yannick Weber.
17:01 of 2nd period - Shot Blocked by Raphael Bussieres.
17:03 of 2nd period - Slapshot by Kent Huskins.
17:03 of 2nd period - Shot Misses the Net.
17:09 of 2nd period - Snap shot by Dane Byers.
17:09 of 2nd period - Shot Blocked by Raphael Bussieres.
17:45 of 2nd period - Snap shot by Max Friberg.
17:45 of 2nd period - Shot Misses the Net.
18:33 of 2nd period - Ben Street is hit by Jared Boll and loses puck.
19:23 of 2nd period - Joel Broda is hit by Andrej Nestrasil and loses puck.
Goals for this period are 1 for Monsters vs 1 for Wolves.
Shots for this period are 9 for Monsters vs 2 for Wolves.

3rd period


0:01 of 3rd period - Landon Ferraro wins face-off versus Andrej Nestrasil in neutral zone.
0:04 of 3rd period - Snap shot by Aaron Volpatti.
0:04 of 3rd period - Shot Misses the Net.
0:20 of 3rd period - Wrist shot by Landon Ferraro.
0:20 of 3rd period - Shot Blocked by Paul Bissonnette.
0:38 of 3rd period - Slapshot by Aaron Volpatti.
0:38 of 3rd period - Shot Blocked by Benn Ferriero.
0:45 of 3rd period - Icing by Matthew Corrente.
0:46 of 3rd period - Dane Byers wins face-off versus Andrej Nestrasil in Monsters zone.
0:59 of 3rd period - Wrist shot by Dane Byers.
0:59 of 3rd period - Stopped by Farm Player100 with a rebound.
1:26 of 3rd period - Wrist shot by Ben Street.
1:26 of 3rd period - Stopped by Peter Mannino with a rebound.
1:28 of 3rd period - Slapshot by Max Friberg.
1:28 of 3rd period - Deflect By Ben Street.
1:28 of 3rd period - Stopped by Peter Mannino with a rebound.
1:34 of 3rd period - Slapshot by Ben Street.
1:34 of 3rd period - Shot Misses the Net.
1:36 of 3rd period - Wrist shot by Max Friberg.
1:36 of 3rd period - Shot Misses the Net.
1:46 of 3rd period - Slapshot by Max Friberg.
1:46 of 3rd period - Stopped by Peter Mannino with a rebound.
1:48 of 3rd period - Wrist shot by Brett Hextall.
1:48 of 3rd period - Stopped by Peter Mannino without a rebound.
1:49 of 3rd period - Andrew Joudrey wins face-off versus Landon Ferraro in Wolves zone.
2:56 of 3rd period - Aaron Volpatti is hit by Justin Mercier and loses puck.
3:43 of 3rd period - Kent Huskins is hit by Paul Bissonnette.
4:06 of 3rd period - Icing by Benn Ferriero.
4:07 of 3rd period - Andrew Joudrey wins face-off versus Jordan Schroeder in Monsters zone.
4:07 of 3rd period - Andrew Joudrey is hit by Jared Boll.
5:10 of 3rd period - Off-side.
5:11 of 3rd period - Tanner Richard wins face-off versus Jordan Schroeder in neutral zone.
5:48 of 3rd period - Slapshot by Yannick Weber.
5:48 of 3rd period - Deflect By Raphael Bussieres.
5:48 of 3rd period - Goal by Yannick Weber - Monsters : 1 - Wolves : 7.
5:49 of 3rd period - Joel Broda wins face-off versus Ben Street in neutral zone.
8:33 of 3rd period - Corbin McPherson is hit by Raphael Bussieres and loses puck.
8:43 of 3rd period - Icing by Raphael Bussieres.
8:44 of 3rd period - Cedric Paquette wins face-off versus Ben Street in Monsters zone.
8:57 of 3rd period - Yannick Weber is hit by Ben Street and loses puck.
9:04 of 3rd period - Christian Hanson is hit by Max Friberg and loses puck.
9:15 of 3rd period - Benn Ferriero is hit by Cedric Paquette.
9:19 of 3rd period - Snap shot by Paul Bissonnette.
9:19 of 3rd period - Shot Misses the Net.
10:38 of 3rd period - Wrist shot by Andrew Joudrey.
10:38 of 3rd period - Shot Blocked by Chris Terry.
11:26 of 3rd period - Slapshot by Matthew Corrente.
11:26 of 3rd period - Stopped by Peter Mannino with a rebound.
11:32 of 3rd period - Farm Player27 is hit by Christian Hanson and loses puck.
11:43 of 3rd period - Slapshot by Jared Boll.
11:43 of 3rd period - Shot Hit the Post.
11:55 of 3rd period - Snap shot by Chris Terry.
11:55 of 3rd period - Goal by Chris Terry - Monsters : 1 - Wolves : 8.
11:56 of 3rd period - Ben Street wins face-off versus Joel Broda in neutral zone.
12:14 of 3rd period - Slapshot by Dane Byers.
12:14 of 3rd period - Shot Misses the Net.
12:30 of 3rd period - Wrist shot by Aaron Volpatti.
12:30 of 3rd period - Shot Misses the Net.
12:54 of 3rd period - Snap shot by Jared Boll.
12:54 of 3rd period - Shot Blocked by Farm Player39.
13:11 of 3rd period - Snap shot by Dane Byers.
13:11 of 3rd period - Deflect By Andrew Joudrey.
13:11 of 3rd period - Goal by Dane Byers - Monsters : 1 - Wolves : 9.
13:12 of 3rd period - Joel Broda wins face-off versus Andrew Joudrey in neutral zone.
13:20 of 3rd period - Wrist shot by Dane Byers.
13:20 of 3rd period - Stopped by Farm Player100 with a rebound.
13:50 of 3rd period - Snap shot by Aaron Volpatti.
13:50 of 3rd period - Deflect By Christian Hanson.
13:50 of 3rd period - Shot Blocked by Andrew Joudrey.
13:50 of 3rd period - Puck is out of play.
13:51 of 3rd period - Cedric Paquette wins face-off versus Ben Street in Monsters zone.
14:44 of 3rd period - Joel Broda is hit by Paul Bissonnette and loses puck.
14:53 of 3rd period - Wrist shot by Paul Bissonnette.
14:53 of 3rd period - Stopped by Peter Mannino with a rebound.
15:14 of 3rd period - Snap shot by Justin Mercier.
15:14 of 3rd period - Shot Misses the Net.
15:15 of 3rd period - Christian Hanson and Matthew Corrente fight to a draw.
15:15 of 3rd period - Penalty to Christian Hanson for Fighting.
15:15 of 3rd period - Penalty to Matthew Corrente for Fighting.
15:15 of 3rd period - Penalty to Christian Hanson for instigated a fight.
15:15 of 3rd period - Penalty to Christian Hanson for instigated a fight.
15:16 of 3rd period - Ben Street wins face-off versus Chris Terry in Wolves zone.
15:56 of 3rd period - Snap shot by Chris Terry.
15:56 of 3rd period - Shot Misses the Net.
15:58 of 3rd period - Wrist shot by Chris Terry.
15:58 of 3rd period - Stopped by Farm Player100 with a rebound.
16:07 of 3rd period - Slapshot by Yann Sauve.
16:07 of 3rd period - Stopped by Farm Player100 with a rebound.
16:45 of 3rd period - Kent Huskins is hit by Benn Ferriero and loses puck.
17:15 of 3rd period - Penalty to Christian Hanson is over, Farm Player1 is send on ice.
17:56 of 3rd period - Slapshot by Cedric Paquette.
17:56 of 3rd period - Deflect By Raphael Bussieres.
17:56 of 3rd period - Shot Hit the Post.
17:56 of 3rd period - Puck is out of play.
17:57 of 3rd period - Cedric Paquette wins face-off versus Andrew Joudrey in Monsters zone.
18:12 of 3rd period - Snap shot by Cedric Paquette.
18:12 of 3rd period - Shot Misses the Net.
18:14 of 3rd period - Snap shot by Cedric Paquette.
18:14 of 3rd period - Shot Blocked by Andrew Joudrey.
18:16 of 3rd period - Slapshot by Aaron Volpatti.
18:16 of 3rd period - Shot Misses the Net.
18:18 of 3rd period - Slapshot by Corbin McPherson.
18:18 of 3rd period - Stopped by Farm Player100 with a rebound.
18:34 of 3rd period - Wrist shot by Aaron Volpatti.
18:34 of 3rd period - Goal by Aaron Volpatti - Monsters : 1 - Wolves : 10.
18:35 of 3rd period - Cedric Paquette wins face-off versus Andrej Nestrasil in neutral zone.
19:08 of 3rd period - Slapshot by Yannick Weber.
19:08 of 3rd period - Stopped by Farm Player100 without a rebound.
19:09 of 3rd period - Joel Broda wins face-off versus Ben Street in Monsters zone.
19:18 of 3rd period - Slapshot by Dane Byers.
19:18 of 3rd period - Stopped by Farm Player100 with a rebound.
Goals for this period are 0 for Monsters vs 4 for Wolves.
Shots for this period are 6 for Monsters vs 11 for Wolves.


Output by the SimonT Hockey Simulator (STHS) for Eric Dolegowski -- Original Page W3C XHTML 1.0 Valid
Hockey Simulator - Hockey Simulation - Hockey Manager